[Event "Hungary Olimpic Hopes 2022"]
[Site "Tapolca"]
[Date "2022.06.25"]
[Round "6.6"]
[White "Balazs, Sztella Anna"]
[Black "Szarvas, Nora Orsolya"]
[Result "1-0"]
[ECO "B67"]
[WhiteElo "1572"]
[BlackElo "1669"]
[Annotator "NA RC"]
[PlyCount "154"]
[EventDate "2022.06.23"]
[EventType "swiss"]
[EventCountry "HUN"]
[SourceTitle "playchess.com"]
[Source "ChessBase"]
[SourceQuality "1"]
[TimeControl "5400+30"]

1. e4 c5 2. Nf3 d6 3. d4 cxd4 4. Nxd4 Nf6 5. Nc3 Nc6 6. Bg5 e6 7. Qd2 a6 8. O-O-O Bd7 9. f4 h6 10. Bh4 Nxe4 11. Nxe4 Qxh4 12. Nxc6 Bxc6 13. Nxd6+ Bxd6 14. Qxd6 Rd8 15. Qxd8+ Qxd8 16. Rxd8+ Kxd8 17. Rg1 Ke7 18. Bc4 Rd8 19. g3 Bf3 20. Re1 Rc8 21. Bb3 Rd8 22. c3 Kf6 23. Bc2 Rd7 24. Re3 Bg2 25. Re2 Bc6 26. Re1 g6 27. Re2 Bf3 28. Re3 Bg4 29. c4 Bf5 30. Bd1 Bh3 31. Be2 Bg2 32. Kc2 Rc7 33. b3 Rd7 34. Kc3 Bc6 35. b4 Rd6 36. b5 axb5 37. cxb5 Bd5 38. a4 Rd8 39. Kb4 Rc8 40. Bf3 b6 41. Bxd5 exd5 42. Kb3 g5 43. fxg5+ hxg5 44. g4 Rc7 45. h3 Rc8 46. a5 Rc5 47. a6 Rxb5+ 48. Ka2 Rc5 49. Rb3 b5 50. Ra3 Rc8 51. Kb3 Ke6 52. Kb4 Kd6 53. Kxb5 Rb8+ 54. Ka5 Ra8 55. Rf3 Kc6 56. Rxf7 Rg8 57. a7 d4 58. Ka6 d3 59. Rf3 Rd8 60. Rxd3 Rxd3 61. a8=Q+ Kc5 62. Qc8+ Kb4 63. Qf8+ Kc4 64. Qg8+ Rd5 65. Kb6 Kd4 66. Kc6 Re5 67. Qg7 Ke4 68. Qg6+ Kf4 69. Kd6 Ra5 70. Qf6+ Ke4 71. Ke7 Ra7+ 72. Kf8 Ra3 73. Qxg5 Rxh3 74. Qf5+ Ke3 75. g5 Rh5 76. Kf7 Kd4 77. Qg4+ Kc5 1-0

[Event "Hungary Olimpic Hopes 2022"]
[Site "Tapolca"]
[Date "2022.06.25"]
[Round "6.7"]
[White "Bende, Eniko Tunde"]
[Black "Kovacs, Reka"]
[Result "0-1"]
[ECO "A35"]
[WhiteElo "1142"]
[BlackElo "1685"]
[Annotator "NA RC"]
[PlyCount "58"]
[EventDate "2022.06.23"]
[EventType "swiss"]
[EventCountry "HUN"]
[SourceTitle "playchess.com"]
[Source "ChessBase"]
[SourceQuality "1"]
[TimeControl "5400+30"]

1. c4 c5 2. Nc3 Nf6 3. Nf3 Nc6 4. g3 d5 5. cxd5 Nxd5 6. Bg2 Nc7 7. O-O e5 8. d3 Be7 9. Be3 O-O 10. Rc1 b6 11. Nxe5 Nxe5 12. Bxa8 Nxa8 13. Bf4 Ng6 14. Qd2 Nxf4 15. gxf4 Bh3 16. Rfe1 Bh4 17. Qe3 Qd7 18. Qf3 Nc7 19. e4 Bg4 20. Qg2 f5 21. Nd5 Nxd5 22. exd5 Rf6 23. Re5 Rg6 24. Kh1 Qa4 25. Rce1 Qxf4 26. R1e3 Bh5 27. Qh3 Qxf2 28. Re1 Bf3+ 29. Qxf3 Qxf3# 0-1

[Event "Hungary Olimpic Hopes 2022"]
[Site "Tapolca"]
[Date "2022.06.25"]
[Round "6.8"]
[White "Karacsonyi, Luca"]
[Black "Beznicza, Mira"]
[Result "1-0"]
[ECO "C05"]
[WhiteElo "1834"]
[BlackElo "1635"]
[Annotator "NA RC"]
[PlyCount "69"]
[EventDate "2022.06.23"]
[EventType "swiss"]
[EventCountry "HUN"]
[SourceTitle "playchess.com"]
[Source "ChessBase"]
[SourceQuality "1"]
[TimeControl "5400+30"]

1. e4 e6 2. d4 d5 3. Nd2 Nf6 4. e5 Nfd7 5. Bd3 c5 6. c3 Nc6 7. Ne2 Qb6 8. Nf3 Be7 9. O-O cxd4 10. cxd4 f6 11. exf6 Nxf6 12. Re1 O-O 13. a3 e5 14. dxe5 Ng4 15. Be3 Nxe3 16. fxe3 Qxe3+ 17. Kh1 Nxe5 18. Nc1 Qf4 19. Nxe5 Bd6 20. Nf3 Bg4 21. Qd2 Qxf3 22. gxf3 Bxf3+ 23. Qg2 Bxg2+ 24. Kxg2 Rf6 25. Ne2 g5 26. Nc3 Rh6 27. h3 g4 28. Rh1 g3 29. Nxd5 Rd8 30. Bc4 Kg7 31. Rae1 Rc8 32. Bb3 Rf8 33. Rhf1 Rxf1 34. Rxf1 Re6 35. Nc3 1-0

[Event "Hungary Olimpic Hopes 2022"]
[Site "Tapolca"]
[Date "2022.06.25"]
[Round "6.9"]
[White "Karacsonyi, Bank"]
[Black "Bod, Marton"]
[Result "1-0"]
[ECO "B81"]
[WhiteElo "1812"]
[BlackElo "1738"]
[Annotator "NA RC"]
[PlyCount "71"]
[EventDate "2022.06.23"]
[EventType "swiss"]
[EventCountry "HUN"]
[SourceTitle "playchess.com"]
[Source "ChessBase"]
[SourceQuality "1"]
[TimeControl "5400+30"]

1. e4 c5 2. Nf3 e6 3. d4 cxd4 4. Nxd4 Nf6 5. Nc3 d6 6. g4 h6 7. Bg2 a6 8. h3 Qc7 9. Qe2 Be7 10. f4 Nbd7 11. Be3 Rb8 12. a4 b6 13. h4 Bb7 14. O-O-O Nc5 15. Bd2 d5 16. exd5 Bxd5 17. Bxd5 exd5 18. g5 Nfe4 19. Nxd5 Qd7 20. Nxe7 Qxd4 21. Nf5 Qxa4 22. Kb1 Kf8 23. gxh6 g6 24. Nd6 Nxd2+ 25. Qxd2 Rxh6 26. Qd5 Ne6 27. Nf5 Qxf4 28. Nxh6 Rd8 29. Qb7 Rxd1+ 30. Rxd1 Qxh6 31. Rf1 Nd8 32. Qxb6 Qxh4 33. Qxg6 Qc4 34. Qd6+ Ke8 35. Rh1 f5 36. Re1+ 1-0

[Event "Hungary Olimpic Hopes 2022"]
[Site "Tapolca"]
[Date "2022.06.25"]
[Round "6.10"]
[White "Juhasz, Edmond"]
[Black "Lehocz, Jozsef Jr."]
[Result "0-1"]
[ECO "B51"]
[WhiteElo "1479"]
[BlackElo "1963"]
[Annotator "NA RC"]
[PlyCount "128"]
[EventDate "2022.06.23"]
[EventType "swiss"]
[EventCountry "HUN"]
[SourceTitle "playchess.com"]
[Source "ChessBase"]
[SourceQuality "1"]
[TimeControl "5400+30"]

1. e4 c5 2. Nf3 d6 3. Bb5+ Nd7 4. Nc3 a6 5. Bxd7+ Bxd7 6. h3 Nf6 7. d3 g6 8. Be3 Qc8 9. Qd2 Bg7 10. Bh6 O-O 11. Bxg7 Kxg7 12. O-O Bc6 13. Rfe1 Qc7 14. Rad1 b5 15. Ne2 $11 a5 16. b3 b4 17. c4 a4 18. Ra1 Ra6 19. Rab1 axb3 20. axb3 Rfa8 21. Rb2 Qa7 22. Reb1 Nd7 23. Ne1 e6 24. f3 Ne5 25. f4 Nd7 26. Nf3 Ra3 27. Qc2 d5 28. Nd2 Nf6 29. Ng3 Ra5 30. Re1 h5 31. Nh1 Ra2 32. Nf2 Rxb2 33. Qxb2 Qa2 34. Rb1 h4 35. Ng4 Qxb2 36. Rxb2 Ra1+ 37. Kf2 Nh5 38. Kf3 dxe4+ 39. dxe4 f6 40. Ke3 Ng3 41. Kd3 Kf7 42. Nh6+ Kf8 43. Ng4 Ke7 44. Ne3 Nh5 45. f5 gxf5 46. exf5 Nf4+ 47. Kc2 Nxg2 48. Nxg2 Bxg2 49. fxe6 Kxe6 50. Kd3 Ke5 51. Ke3 f5 52. Kf2 Be4 53. Nf1 Kd4 54. Rd2+ Kc3 55. Rd6 Kxb3 56. Nd2+ Kc3 57. Ke2 b3 58. Rb6 b2 59. Rb5 b1=Q 60. Nxb1+ Rxb1 61. Rxc5 Kd4 62. Rc8 Rb2+ 63. Kd1 Ke3 64. Kc1 Rb1# 0-1

[Event "Hungary Olimpic Hopes 2022"]
[Site "Tapolca"]
[Date "2022.06.25"]
[Round "6.11"]
[White "Szabo, Akos"]
[Black "Kerekes, Laszlo Fulop"]
[Result "1-0"]
[ECO "B53"]
[WhiteElo "1662"]
[BlackElo "1455"]
[Annotator "NA RC"]
[PlyCount "127"]
[EventDate "2022.06.23"]
[EventType "swiss"]
[EventCountry "HUN"]
[SourceTitle "playchess.com"]
[Source "ChessBase"]
[SourceQuality "1"]
[TimeControl "5400+30"]

1. e4 c5 2. Nf3 d6 3. d4 cxd4 4. Qxd4 Bd7 5. Nc3 Nf6 6. Bg5 Nc6 7. Qd2 g6 8. Bxf6 exf6 9. O-O-O Bg4 10. Be2 Bxf3 11. gxf3 Qa5 12. Kb1 O-O-O 13. Qd5 Qxd5 14. Rxd5 a6 15. Rhd1 Kc7 16. R5d2 Bg7 17. Nd5+ Kb8 18. Rd3 Rhe8 19. Rb3 Ka7 20. Rb6 Ne7 21. Rb3 Nxd5 22. Rxd5 f5 23. Bd3 f4 24. Bf1 Re5 25. Rbd3 Rxd5 26. Rxd5 Be5 27. Bh3 h5 28. b3 Re8 29. c4 b6 30. Kc2 Re7 31. b4 Kb7 32. Kb3 f6 33. a4 Rc7 34. Be6 g5 35. a5 Ka7 36. h3 h4 37. axb6+ Kxb6 38. Ra5 Kb7 39. Bd5+ Kb6 40. Be6 Kb7 41. Ka4 Bc3 42. Kb3 Be5 43. b5 axb5 44. cxb5 Rc3+ 45. Ka4 Rc1 46. Bd5+ Kc7 47. Ra7+ Kc8 48. Rh7 Ra1+ 49. Kb4 Rb1+ 50. Ka5 Bc3+ 51. Kb6 Bd4+ 52. Kc6 Rc1+ 53. Kxd6 Be5+ 54. Ke6 Bc7 55. Kxf6 Bd8+ 56. Ke6 Rb1 57. Bc6 Rb2 58. Rh8 Rb3 59. e5 Rb1 60. Kf7 Kc7 61. e6 Re1 62. b6+ Kxb6 63. Rxd8 Kxc6 64. e7 1-0

[Event "Hungary Olimpic Hopes 2022"]
[Site "Tapolca"]
[Date "2022.06.25"]
[Round "6.12"]
[White "Feher, Botond"]
[Black "Sass, Oscar"]
[Result "1-0"]
[ECO "B21"]
[WhiteElo "1792"]
[BlackElo "1439"]
[Annotator "NA RC"]
[PlyCount "49"]
[EventDate "2022.06.23"]
[EventType "swiss"]
[EventCountry "HUN"]
[SourceTitle "playchess.com"]
[Source "ChessBase"]
[SourceQuality "1"]
[TimeControl "5400+30"]

1. e4 c5 2. d4 cxd4 3. c3 d5 4. exd5 Qxd5 5. cxd4 Nc6 6. Nf3 e5 7. Nc3 Bb4 8. Bd2 Bxc3 9. Bxc3 e4 10. Ne5 Nxe5 11. dxe5 Ne7 12. Be2 O-O 13. O-O Be6 14. Qa4 Bd7 15. Qb4 Nc6 16. Qxb7 Rfb8 17. Qc7 Rc8 18. Qd6 Qxd6 19. exd6 Rab8 20. Rad1 Be6 21. a3 Rd8 22. Rfe1 f5 23. f3 e3 24. f4 Rd7 25. Bf3 1-0

[Event "Hungary Olimpic Hopes 2022"]
[Site "Tapolca"]
[Date "2022.06.25"]
[Round "6.13"]
[White "Biro, Beata"]
[Black "Hangyal, Dora"]
[Result "1-0"]
[ECO "B24"]
[WhiteElo "1480"]
[BlackElo "1163"]
[Annotator "NA RC"]
[PlyCount "66"]
[EventDate "2022.06.23"]
[EventType "swiss"]
[EventCountry "HUN"]
[SourceTitle "playchess.com"]
[Source "ChessBase"]
[SourceQuality "1"]
[TimeControl "5400+30"]

1. e4 c5 2. Nc3 Nc6 3. Bb5 Nd4 4. Bc4 g6 5. Nge2 Bg7 6. d3 a6 7. a4 Nf6 8. O-O O-O 9. f4 e6 10. Kh1 d5 11. Ba2 Nxe2 12. Qxe2 d4 13. Nd1 b5 14. Nf2 h6 15. Ng4 Nxg4 16. Qxg4 e5 17. f5 Qf6 18. Qxg6 Qxg6 19. fxg6 Be6 20. gxf7+ Bxf7 21. Bxf7+ Rxf7 22. Rxf7 Kxf7 23. axb5 Bf8 24. Rxa6 Rb8 25. b6 h5 26. h3 Be7 27. Bd2 Ke6 28. c3 Kd7 29. cxd4 cxd4 30. Ra7+ Kd8 31. Ba5 Bg5 32. Rg7 Be7 33. Rg8+ Bf8 1-0

[Event "Hungary Olimpic Hopes 2022"]
[Site "Tapolca"]
[Date "2022.06.25"]
[Round "6.14"]
[White "Molnar, Dalma Reka"]
[Black "Kiss, Inez"]
[Result "1/2-1/2"]
[ECO "B12"]
[WhiteElo "1554"]
[BlackElo "1469"]
[Annotator "NA RC"]
[PlyCount "70"]
[EventDate "2022.06.23"]
[EventType "swiss"]
[EventCountry "HUN"]
[SourceTitle "playchess.com"]
[Source "ChessBase"]
[SourceQuality "1"]
[TimeControl "5400+30"]

1. e4 c6 2. d4 d5 3. e5 Bf5 4. Nc3 e6 5. g4 Bg6 6. Nge2 h6 7. h4 Nd7 8. h5 Bh7 9. Be3 c5 10. f4 cxd4 11. Nxd4 Bc5 12. Bb5 a6 13. Nxe6 fxe6 14. Bxd7+ Qxd7 15. Bxc5 Ne7 16. Qd2 Rc8 17. Bd6 Rc6 18. Bxe7 Kxe7 19. Rc1 Rhc8 20. Ne2 Rxc2 21. Rxc2 Rxc2 22. Qb4+ Ke8 23. a4 Bd3 24. Rh2 Qc7 25. Rg2 Bxe2 26. Rxe2 Rc4 27. Qd2 Rxa4 28. Rg2 Ra1+ 29. Kf2 Qc5+ 30. Kg3 Ra4 31. f5 exf5 32. gxf5 Re4 33. Re2 Rxe2 34. Qxe2 Qg1+ 35. Kf3 Qh1+ 1/2-1/2

[Event "Hungary Olimpic Hopes 2022"]
[Site "Tapolca"]
[Date "2022.06.25"]
[Round "6.15"]
[White "Balazs, Szabina Zoe"]
[Black "Balogh, Gerda"]
[Result "1-0"]
[ECO "C55"]
[WhiteElo "1426"]
[BlackElo "1531"]
[Annotator "NA COMBH RC"]
[PlyCount "117"]
[EventDate "2022.06.23"]
[EventType "swiss"]
[EventCountry "HUN"]
[SourceTitle "playchess.com"]
[Source "ChessBase"]
[SourceQuality "1"]
[TimeControl "5400+30"]

1. e4 e5 2. Nf3 Nc6 3. Bc4 Nf6 4. d3 Be7 5. c3 d6 6. h3 O-O 7. O-O Na5 8. Bb5 Bd7 9. Ba4 Bxa4 10. Qxa4 Nc6 11. Re1 d5 12. Qb5 Rb8 13. exd5 a6 14. Qc4 Na5 15. Qa4 Qxd5 16. Rxe5 Qxd3 17. Rxe7 Nc6 18. Re3 Qg6 19. Ne5 Qh5 20. Nxc6 bxc6 21. Re1 Rbd8 22. Bd2 Rd6 23. Qxa6 Nd5 24. Qe2 Qh4 25. Kh2 Re6 26. Qf1 Rd6 27. c4 Nf6 28. Bb4 Rd4 29. Bxf8 Kxf8 30. Nc3 Rd2 31. Re2 Rd8 32. g3 Qxc4 33. Re8+ Rxe8 34. Qxc4 g6 35. Qxc6 Kg7 36. a4 Re6 37. Qxe6 fxe6 38. a5 Nd7 39. a6 Nb6 40. Nb5 Na8 41. a7 Kf7 42. Rc1 Ke7 43. Rxc7+ Nxc7 44. Nxc7 Kd7 45. a8=Q Kxc7 46. Qa6 Kd7 47. Kg2 Ke7 48. Kf3 Kf6 49. g4 g5 50. Ke4 h6 51. f3 Ke7 52. Ke5 Kd7 53. Qxe6+ Kc7 54. Kd5 Kb7 55. Qd6 Ka7 56. Qc6 Kb8 57. Qd7 Ka8 58. Kc6 Kb8 {[%emt 0:00:46] Check Result:?ev?} 59. Qb7# 1-0

[Event "Hungary Olimpic Hopes 2022"]
[Site "Tapolca"]
[Date "2022.06.25"]
[Round "6.17"]
[White "Minga-Nagy, Abel Inti"]
[Black "Szollosi, Balazs"]
[Result "1-0"]
[ECO "A45"]
[WhiteElo "1364"]
[BlackElo "1294"]
[Annotator "NA RC"]
[PlyCount "97"]
[EventDate "2022.06.23"]
[EventType "swiss"]
[EventCountry "HUN"]
[SourceTitle "playchess.com"]
[Source "ChessBase"]
[SourceQuality "1"]
[TimeControl "5400+30"]

1. d4 Nf6 2. Bf4 d5 3. e3 Bf5 4. c3 c6 5. Nd2 Nbd7 6. Ngf3 e6 7. Be2 Be7 8. O-O O-O 9. Nh4 Bg6 10. Nxg6 hxg6 11. Qb3 Nb6 12. c4 dxc4 13. Nxc4 Nfd5 14. Bg3 Nxc4 15. Bxc4 Nb6 16. Bd3 Re8 17. a4 Qd5 18. Qc2 Rac8 19. a5 Nd7 20. Bc4 Qg5 21. f4 Qh6 22. e4 Bh4 23. f5 Bxg3 24. hxg3 Qe3+ 25. Qf2 Qxf2+ 26. Rxf2 gxf5 27. exf5 e5 28. d5 Nf6 29. dxc6 bxc6 30. Re2 e4 31. Rae1 Re5 32. g4 Rce8 33. g5 Nd5 34. g4 Kf8 35. Kf2 Nf4 36. Re3 Rb8 37. Kg3 Nd5 38. Rxe4 Rxe4 39. Rxe4 Rxb2 40. Re5 Rd2 41. g6 Rd4 42. Ba6 Ra4 43. Bb7 Ra3+ 44. Kh4 Ne7 45. gxf7 Kxf7 46. Ba6 Rc3 47. g5 g6 48. f6 Nf5+ 49. Kg4 1-0

[Event "Hungary Olimpic Hopes 2022"]
[Site "Tapolca"]
[Date "2022.06.25"]
[Round "6.18"]
[White "Molnar-Saska, Tamas"]
[Black "Hangay, Oliver"]
[Result "1/2-1/2"]
[ECO "C54"]
[WhiteElo "1458"]
[BlackElo "1627"]
[Annotator "NA RC"]
[PlyCount "80"]
[EventDate "2022.06.23"]
[EventType "swiss"]
[EventCountry "HUN"]
[SourceTitle "playchess.com"]
[Source "ChessBase"]
[SourceQuality "1"]
[TimeControl "5400+30"]

1. e4 e5 2. Nf3 Nc6 3. Bc4 Bc5 4. c3 Nf6 5. d3 d6 6. h3 O-O 7. Bg5 h6 8. Bh4 Be6 9. Bb3 Bxb3 10. Qxb3 Bb6 11. O-O g5 12. Bg3 Nh5 13. Bh2 Nf4 14. Bxf4 gxf4 15. Nbd2 Rb8 16. Nc4 Na5 17. Nxa5 Bxa5 18. Qd1 Bb6 19. a4 a6 20. Kh1 Kh8 21. d4 Qf6 22. a5 Ba7 23. dxe5 dxe5 24. Qd5 Rfe8 25. Rad1 Kg7 26. b4 c6 27. Qd6 Rbd8 28. Qc7 Rxd1 29. Rxd1 Re7 30. Qd6 Qxd6 31. Rxd6 Bxf2 32. Kh2 f6 33. Rd2 Bg3+ 34. Kg1 Kf7 35. Kf1 h5 36. Ke2 h4 37. Rd8 Kg7 38. Rd6 Rc7 39. c4 c5 40. b5 axb5 1/2-1/2

[Event "Hungary Olimpic Hopes 2022"]
[Site "Tapolca"]
[Date "2022.06.25"]
[Round "6.20"]
[White "Hangyal, Anna"]
[Black "Csiszar, Vivien"]
[Result "1-0"]
[ECO "A05"]
[WhiteElo "1105"]
[BlackElo "1082"]
[Annotator "NA RC"]
[PlyCount "117"]
[EventDate "2022.06.23"]
[EventType "swiss"]
[EventCountry "HUN"]
[SourceTitle "playchess.com"]
[Source "ChessBase"]
[SourceQuality "1"]
[TimeControl "5400+30"]

1. Nf3 Nf6 2. Nc3 d5 3. d4 g6 4. Bf4 Bg7 5. Nb5 O-O 6. e3 Nc6 7. Nxc7 Rb8 8. Nb5 Ra8 9. Ne5 Bf5 10. Bd3 Bxd3 11. Nxd3 Qa5+ 12. Nc3 Ne4 13. O-O Nxc3 14. bxc3 Qxc3 15. Rb1 b6 16. Rb3 Qa5 17. Qb1 Qa6 18. Nb4 Nxb4 19. Rxb4 Qc8 20. Rc1 Qd7 21. c4 e6 22. c5 bxc5 23. Rxc5 Rfc8 24. Rcb5 Qe7 25. Rb7 Qd8 26. h3 h6 27. g4 Bf6 28. Kh2 Bg5 29. Bxg5 Qxg5 30. Kg3 Qd8 31. Qb3 Rc7 32. Rb8 Rxb8 33. Rxb8 Rc8 34. Rb7 Rc7 35. Qb4 Rxb7 36. Qxb7 Qd6+ 37. Kg2 Qa3 38. Qb8+ Kg7 39. Qe5+ Kg8 40. Qb8+ Kg7 41. Qb3 Qxb3 42. axb3 Kf6 43. Kg3 e5 44. Kf3 e4+ 45. Kg3 h5 46. gxh5 gxh5 47. Kf4 a6 48. b4 h4 49. Kg4 Kg6 50. Kxh4 Kh6 51. Kg4 Kg6 52. h4 f5+ 53. Kf4 Kh5 54. Kxf5 Kxh4 55. Ke5 Kg4 56. Kxd5 Kf3 57. Ke5 Kxf2 58. d5 Kxe3 59. d6 1-0

[Event "Hungary Olimpic Hopes 2022"]
[Site "Tapolca"]
[Date "2022.06.26"]
[Round "7.1"]
[White "Csernyik, Mark"]
[Black "Giang, Tran Nam"]
[Result "1/2-1/2"]
[ECO "B43"]
[WhiteElo "1988"]
[BlackElo "2124"]
[Annotator "NA RC"]
[PlyCount "76"]
[EventDate "2022.06.23"]
[EventType "swiss"]
[EventCountry "HUN"]
[SourceTitle "playchess.com"]
[Source "ChessBase"]
[SourceQuality "1"]
[TimeControl "5400+30"]

1. e4 c5 2. Nf3 e6 3. d4 cxd4 4. Nxd4 a6 5. Nc3 Qc7 6. Bd3 Nc6 7. Nxc6 dxc6 8. O-O e5 9. f4 Bc5+ 10. Kh1 Nf6 11. fxe5 Ng4 12. Qf3 Nxe5 13. Qg3 O-O 14. Bf4 Bd6 15. Rad1 Re8 16. Ne2 Be6 17. Nd4 Rad8 18. Nf5 Bxf5 19. exf5 Nxd3 20. f6 g6 21. cxd3 Bxf4 22. Rxf4 Rxd3 23. Qxd3 Qxf4 24. Qd7 Qe4 25. h3 c5 26. a4 h5 27. a5 Qe5 28. b3 Re6 29. Qd8+ Kh7 30. Rf1 Qd6 31. Qc8 Qd3 32. Kg1 Qd4+ 33. Kh1 Rxf6 34. Rxf6 Qxf6 35. Qxb7 Kg7 36. Qb6 Qf1+ 37. Kh2 Qf4+ 38. Kh1 Qf1+ 1/2-1/2

[Event "Hungary Olimpic Hopes 2022"]
[Site "Tapolca"]
[Date "2022.06.26"]
[Round "7.2"]
[White "Gergely, Daniel"]
[Black "Szakmary, Domonkos"]
[Result "1/2-1/2"]
[ECO "D00"]
[WhiteElo "1964"]
[BlackElo "1934"]
[Annotator "NA RC"]
[PlyCount "28"]
[EventDate "2022.06.23"]
[EventType "swiss"]
[EventCountry "HUN"]
[SourceTitle "playchess.com"]
[Source "ChessBase"]
[SourceQuality "1"]
[TimeControl "5400+30"]

1. d4 d5 2. Bf4 Nf6 3. e3 c5 4. c3 Nc6 5. Nf3 Qb6 6. Qc2 e6 7. Nbd2 Be7 8. Bd3 h6 9. h3 Bd7 10. O-O O-O 11. Ne5 Rac8 12. Qb3 c4 13. Qxb6 axb6 14. Be2 b5 1/2-1/2

[Event "Hungary Olimpic Hopes 2022"]
[Site "Tapolca"]
[Date "2022.06.26"]
[Round "7.3"]
[White "Szegedy, Matyas"]
[Black "Bodrogi, Bendeguz"]
[Result "1-0"]
[ECO "B32"]
[WhiteElo "2046"]
[BlackElo "2198"]
[Annotator "RC"]
[PlyCount "159"]
[EventDate "2022.06.23"]
[EventType "swiss"]
[EventCountry "HUN"]
[SourceTitle "playchess.com"]
[Source "ChessBase"]
[SourceQuality "1"]
[TimeControl "5400+30"]

1. e4 c5 2. Nf3 Nc6 3. d4 cxd4 4. Nxd4 e5 5. Nb5 d6 6. N1c3 a6 7. Na3 Be7 8. Be3 Nf6 9. Nc4 b5 10. Nb6 Rb8 11. Nxc8 Qxc8 12. Bd3 O-O 13. O-O Rd8 14. a4 Nb4 15. axb5 axb5 16. Bg5 Qc5 17. Ra5 d5 18. Bxf6 Bxf6 19. exd5 Nxd5 20. Nxd5 Rxd5 21. Qe2 Qb4 22. Rfa1 Qxb2 23. Qe4 Rxd3 24. cxd3 g6 25. Ra8 Rxa8 26. Rxa8+ Kg7 27. g3 Qb3 28. Ra7 h5 29. h4 Qe6 30. Rb7 Qb3 31. Kg2 Kg8 32. Qc6 Bg7 33. Qe8+ Bf8 34. Qxb5 Qxb5 35. Rxb5 Bg7 36. Rb8+ Kh7 37. Kf3 f5 38. Rb6 Bf8 39. Re6 Bg7 40. Ke2 Bh8 41. Kd2 e4 42. dxe4 fxe4 43. Ke3 Bc3 44. Kxe4 Kg7 45. f4 Be1 46. f5 gxf5+ 47. Kxf5 Bd2 48. Rg6+ Kh7 49. Rd6 Bc1 50. Rd7+ Kh6 51. Rd1 Be3 52. Ke4 Bc5 53. Rc1 Bb4 54. Rd1 Kg6 55. Kf4 Ba3 56. Rb1 Bd6+ 57. Ke4 Ba3 58. Rb6+ Kg7 59. Rc6 Bb4 60. Rc2 Kg6 61. Kf4 Bd6+ 62. Ke4 Bb4 63. Ke5 Be1 64. Rc6+ Kg7 65. Rc2 Kg6 66. Kf4 Kf7 67. Rc7+ Kg6 68. Rc6+ Kf7 69. Rd6 Bb4 70. Rd5 Kg6 71. g4 hxg4 72. h5+ Kh6 73. Kxg4 Ba3 74. Rd1 Bb4 75. Rd3 Bc5 76. Rc3 Bb4 77. Rc6+ Kh7 78. h6 Bd2 79. Kh5 Bf4 80. Rb6 1-0

[Event "Hungary Olimpic Hopes 2022"]
[Site "Tapolca"]
[Date "2022.06.26"]
[Round "7.4"]
[White "Turcsanyi, Vince Gergo"]
[Black "Matyassy, Lazar"]
[Result "1/2-1/2"]
[ECO "B23"]
[WhiteElo "2120"]
[BlackElo "2161"]
[Annotator "RC"]
[PlyCount "27"]
[EventDate "2022.06.23"]
[EventType "swiss"]
[EventCountry "HUN"]
[SourceTitle "playchess.com"]
[Source "ChessBase"]
[SourceQuality "1"]
[TimeControl "5400+30"]

1. e4 c5 2. Nc3 Nc6 3. f4 e6 4. Nf3 d5 5. exd5 exd5 6. Bb5 Bg4 7. O-O Be7 8. h3 Bxf3 9. Qxf3 Nf6 10. Bxc6+ bxc6 11. b3 O-O 12. Ba3 Re8 13. Rfe1 Qa5 14. Bb2 1/2-1/2

[Event "Hungary Olimpic Hopes 2022"]
[Site "Tapolca"]
[Date "2022.06.26"]
[Round "7.5"]
[White "Kovacs, Reka"]
[Black "Eros, Vivien"]
[Result "1-0"]
[ECO "B01"]
[WhiteElo "1685"]
[BlackElo "1592"]
[Annotator "NA RC"]
[PlyCount "81"]
[EventDate "2022.06.23"]
[EventType "swiss"]
[EventCountry "HUN"]
[SourceTitle "playchess.com"]
[Source "ChessBase"]
[SourceQuality "1"]
[TimeControl "5400+30"]

1. e4 d5 2. exd5 Qxd5 3. Nc3 Qd6 4. d4 Nf6 5. g3 c6 6. Bg2 Be6 7. Nge2 Nbd7 8. Bf4 Qb4 9. Qd2 Nd5 10. O-O N7f6 11. Nxd5 Nxd5 12. Bxd5 Qxd2 13. Bxc6+ bxc6 14. Bxd2 Bc4 15. Rfe1 O-O-O 16. Be3 g6 17. b3 Bxe2 18. Rxe2 Bg7 19. Rd1 Rd7 20. Red2 Rhd8 21. Kf1 Kb7 22. Ke2 a5 23. a4 e6 24. Rd3 h5 25. Bg5 f6 26. Bd2 Ka6 27. Rc3 Kb6 28. Rc5 Rxd4 29. Bxa5+ Kxc5 30. Bxd8 Rxd1 31. Kxd1 f5 32. Ke2 Bd4 33. Bg5 Kd6 34. Be3 Bc3 35. f3 Ba5 36. h3 e5 37. Kd3 Kd5 38. c4+ Kd6 39. Bd2 Bb6 40. a5 Bd8 41. a6 1-0

[Event "Hungary Olimpic Hopes 2022"]
[Site "Tapolca"]
[Date "2022.06.26"]
[Round "7.6"]
[White "Lazsadi, Kerka Lilla"]
[Black "Balazs, Sztella Anna"]
[Result "1/2-1/2"]
[ECO "E30"]
[WhiteElo "1755"]
[BlackElo "1572"]
[Annotator "NA RC"]
[PlyCount "91"]
[EventDate "2022.06.23"]
[EventType "swiss"]
[EventCountry "HUN"]
[SourceTitle "playchess.com"]
[Source "ChessBase"]
[SourceQuality "1"]
[TimeControl "5400+30"]

1. c4 Nf6 2. Nc3 e6 3. d4 Bb4 4. Bg5 h6 5. Bxf6 Qxf6 6. e3 O-O 7. Bd3 c5 8. Nge2 d6 9. O-O Nc6 10. Ne4 Qe7 11. a3 Ba5 12. Bc2 cxd4 13. exd4 e5 14. d5 Nd8 15. b4 Bc7 16. N4c3 f5 17. Re1 f4 18. f3 Bf5 19. Bxf5 Rxf5 20. Kh1 Bb6 21. Qc2 g6 22. Ng1 Rc8 23. Na4 Bd4 24. Rad1 Qc7 25. Rxd4 exd4 26. Nb2 b5 27. Qe4 bxc4 28. Qe8+ Rf8 29. Qxg6+ Qg7 30. Qxd6 d3 31. Qa6 d2 32. Rd1 Qxb2 33. Qxc8 Qc1 34. Qa6 Kh7 35. Qxa7+ Rf7 36. Qa4 c3 37. Qb3 Re7 38. d6 Re1 39. Qd5 Rxg1+ 40. Rxg1 c2 41. Qf5+ Kg7 42. Qe5+ Kg6 43. Qe4+ Kf6 44. Qe7+ Kg6 45. Qe4+ Kf6 46. Qe7+ 1/2-1/2

[Event "Hungary Olimpic Hopes 2022"]
[Site "Tapolca"]
[Date "2022.06.26"]
[Round "7.7"]
[White "Horvath, Greta"]
[Black "Karacsonyi, Luca"]
[Result "0-1"]
[ECO "B48"]
[WhiteElo "1365"]
[BlackElo "1834"]
[Annotator "NA RC"]
[PlyCount "38"]
[EventDate "2022.06.23"]
[EventType "swiss"]
[EventCountry "HUN"]
[SourceTitle "playchess.com"]
[Source "ChessBase"]
[SourceQuality "1"]
[TimeControl "5400+30"]

1. e4 c5 2. Nf3 Nc6 3. d4 cxd4 4. Nxd4 e6 5. Nc3 Qc7 6. Be3 a6 7. Qf3 Nf6 8. O-O-O Bb4 9. Nde2 O-O 10. Bg5 Be7 11. Ng3 h6 12. Bd2 b5 13. Bd3 Bb7 14. Be3 Rac8 15. Qe2 Qa5 16. Qd2 b4 17. Nb1 Qxa2 18. f4 Na5 19. Rdf1 Nb3+ 0-1

[Event "Hungary Olimpic Hopes 2022"]
[Site "Tapolca"]
[Date "2022.06.26"]
[Round "7.8"]
[White "Bende, Eniko Tunde"]
[Black "Toth, Timea"]
[Result "1/2-1/2"]
[ECO "A35"]
[WhiteElo "1142"]
[BlackElo "1964"]
[Annotator "NA RC"]
[PlyCount "109"]
[EventDate "2022.06.23"]
[EventType "swiss"]
[EventCountry "HUN"]
[SourceTitle "playchess.com"]
[Source "ChessBase"]
[SourceQuality "1"]
[TimeControl "5400+30"]

1. c4 c5 2. Nc3 Nc6 3. Nf3 g6 4. d4 cxd4 5. Nxd4 Nf6 6. g3 Bg7 7. Bg2 O-O 8. O-O a6 9. Nxc6 dxc6 10. Qxd8 Rxd8 11. Bf4 Nh5 12. Be3 Bxc3 13. bxc3 Be6 14. a4 Bxc4 15. Bf3 Nf6 16. Rfd1 Nd5 17. Bxd5 Rxd5 18. Rxd5 Bxd5 19. Rb1 b5 20. axb5 axb5 21. f3 e5 22. Kf2 f5 23. Bc5 Ra2 24. Ke3 Bc4 25. Re1 Kf7 26. f4 exf4+ 27. gxf4 Rc2 28. Bb4 Ke6 29. h4 Kd7 30. Rd1+ Kc7 31. Rd2 Rxd2 32. Kxd2 Kd7 33. e3 Ke6 34. Bc5 Kd5 35. Bb4 Ke4 36. Bc5 Kf3 37. Be7 Ke4 38. Bb4 Kd5 39. Bf8 Bf1 40. Bg7 Kc4 41. Bf8 Bd3 42. Be7 Be4 43. Bf8 c5 44. Be7 b4 45. cxb4 cxb4 46. Bf6 Kd5 47. Bb2 b3 48. Kc3 Bc2 49. Kd2 Ke4 50. Ke2 Bd3+ 51. Kd2 Ba6 52. Bd4 Bc4 53. Kc3 Bf7 54. Kb2 Kf3 55. Bc5 1/2-1/2